PCL
ROUND ROCK EXPRESS @ TACOMA RAINIERS
08/04/2099
 
TOP OF THE 1ST
Round Rock Express batting - Pitching for Tacoma Rainiers : LHP Jose Rebolloso
Pitching: LHP Jose Rebolloso
Batting: LHB Jesus Mena 0-0: Ball
1-0: Bunt missed!
1-1: Ball
2-1: Ground out 4-3 (Groundball, 4, EV 86.9 MPH)
Batting: LHB Jonathan Staib 0-0: Ball
1-0: Ball
2-0: Ball
3-0: Base on Balls
Batting: RHB Mike Bogart 0-0: Foul Ball, location: 2F
0-1: Called Strike
0-2: Strikes out swinging
Batting: LHB Josh Anderson 0-0: Fly out, F9 (Line Drive, 89M, EV 90.0 MPH)
Top of the 1st over - 0 runs, 0 hits, 0 errors, 1 left on base; Round Rock 0 - Tacoma 0
BOTTOM OF THE 1ST
Tacoma Rainiers batting - Pitching for Round Rock Express : LHP Ben Daly
Pitching: LHP Ben Daly
Batting: RHB Sean Boyd 0-0: Foul Ball, location: 2F
0-1: Ball
1-1: Ball
2-1: Fly out, F4 (Line Drive, 4, EV 87.5 MPH)
Batting: RHB John Ramirez 0-0: Foul Ball, location: 25F
0-1: Ground out 4-3 (Groundball, 4, EV 81.3 MPH)
Batting: LHB Keith Bundy 0-0: Foul Ball, location: 5DF
0-1: Ball
1-1: Foul Ball, location: 2F
1-2: Strikes out swinging
Bottom of the 1st over - 0 runs, 0 hits, 0 errors, 0 left on base; Round Rock 0 - Tacoma 0
TOP OF THE 2ND
Round Rock Express batting - Pitching for Tacoma Rainiers : LHP Jose Rebolloso
Batting: LHB Adam Eakin 0-0: Called Strike
0-1: Foul Ball, location: 2F
0-2: Strikes out looking
Batting: LHB Stephen Barton 0-0: Called Strike
0-1: Foul Ball, location: 2F
0-2: Ball
1-2: Strikes out looking
Batting: SHB Joe Larsen 0-0: Called Strike
0-1: Ball
1-1: Foul Ball, location: 5FF
1-2: Ball
2-2: Strikes out swinging
Top of the 2nd over - 0 runs, 0 hits, 0 errors, 0 left on base; Round Rock 0 - Tacoma 0
BOTTOM OF THE 2ND
Tacoma Rainiers batting - Pitching for Round Rock Express : LHP Ben Daly
Batting: RHB Dan Shell 0-0: Ball
1-0: Called Strike
1-1: Foul Ball, location: 2F
1-2: Ball
2-2: DOUBLE (Flyball, 78D, EV 93.1 MPH)
Batting: RHB Adam Barker 0-0: Ball
1-0: Ball
2-0: Foul Ball, location: 2F
2-1: Ground out U3 (Groundball, 34, EV 78.1 MPH)
Dan Shell to third
Batting: RHB Rick Norman 0-0: Swinging Strike
0-1: Called Strike
0-2: Strikes out swinging
Batting: LHB Ben Foster 0-0: Foul Ball, location: 2F
0-1: Ball
1-1: Called Strike
1-2: Foul Ball, location: 2F
1-2: Fly out, F3 (Line Drive, 3L, EV 73.8 MPH)
Bottom of the 2nd over - 0 runs, 1 hit, 0 errors, 1 left on base; Round Rock 0 - Tacoma 0
TOP OF THE 3RD
Round Rock Express batting - Pitching for Tacoma Rainiers : LHP Jose Rebolloso
Batting: SHB Hugo Rodriguez 0-0: Called Strike
0-1: Ball
1-1: Ball
2-1: Called Strike
2-2: Fly out, F7 (Flyball, 7S, EV 86.9 MPH)
Batting: LHB Chris Temple 0-0: Called Strike
0-1: Ball
1-1: Fly out, F9 (Flyball, 9, EV 86.9 MPH)
Batting: LHB Jesus Mena 0-0: Ball
1-0: Ball
2-0: Ground out 1-3 (Groundball, P, EV 73.1 MPH)
Top of the 3rd over - 0 runs, 0 hits, 0 errors, 0 left on base; Round Rock 0 - Tacoma 0
BOTTOM OF THE 3RD
Tacoma Rainiers batting - Pitching for Round Rock Express : LHP Ben Daly
Batting: RHB Jason Sweeney 0-0: Called Strike
0-1: SINGLE (Groundball, 4MS, EV 66.9 MPH) (infield hit)
Batting: RHB Andy Mason 0-0: Ball
Jason Sweeney is caught stealing 2nd base 2-4
1-0: Foul Ball, location: 2F
1-1: SOLO HOME RUN (Flyball, 78XD, EV 109.4 MPH), Distance : 425 ft
Batting: RHB Sean Boyd 0-0: Called Strike
0-1: Swinging Strike
0-2: Foul Ball, location: 7LSF
0-2: Ball
1-2: Ball
2-2: Strikes out swinging
Batting: RHB John Ramirez 0-0: Ball
1-0: Ball
2-0: Foul Ball, location: 3DF
2-1: Fly out, F9 (Flyball, 9, EV 90.0 MPH)
Bottom of the 3rd over - 1 run, 2 hits, 0 errors, 0 left on base; Round Rock 0 - Tacoma 1
TOP OF THE 4TH
Round Rock Express batting - Pitching for Tacoma Rainiers : LHP Jose Rebolloso
Batting: LHB Jonathan Staib 0-0: Ball
1-0: Called Strike
1-1: Fly out, F4 (Line Drive, 4, EV 90.6 MPH)
Batting: RHB Mike Bogart 0-0: Ball
1-0: Called Strike
1-1: Foul Ball, location: 2F
1-2: Strikes out swinging
Batting: LHB Josh Anderson 0-0: SINGLE (Groundball, 34D, EV 94.4 MPH)
Batting: LHB Adam Eakin 0-0: Swinging Strike
0-1: Ground out U3 (Groundball, 34, EV 81.3 MPH)
Top of the 4th over - 0 runs, 1 hit, 0 errors, 1 left on base; Round Rock 0 - Tacoma 1
BOTTOM OF THE 4TH
Tacoma Rainiers batting - Pitching for Round Rock Express : LHP Ben Daly
Batting: LHB Keith Bundy 0-0: Called Strike
0-1: Fly out, F9 (Flyball, 89S, EV 81.9 MPH)
Batting: RHB Dan Shell 0-0: Called Strike
0-1: Foul Ball, location: 2F
0-2: Ball
1-2: Strikes out swinging
Batting: RHB Adam Barker 0-0: Foul Ball, location: 5F
0-1: Ball
1-1: Swinging Strike
1-2: Ball
2-2: SINGLE (Line Drive, 4D, EV 99.4 MPH)
Batting: RHB Rick Norman 0-0: Ball
1-0: Swinging Strike
1-1: SINGLE (Groundball, 6D, EV 105.0 MPH)
Adam Barker to second
Runner from 2nd tries for 3rd, SAFE, throw by CF made to third
Batting: LHB Ben Foster 0-0: Foul Ball, location: 3SF
0-1: Ball
1-1: Foul Ball, location: 3F
1-2: Foul Ball, location: 7LSF
1-2: Foul Ball, location: 2F
1-2: Foul Ball, location: 7LDF
1-2: Ball
2-2: DOUBLE (Line Drive, 9LS, EV 101.9 MPH)
Adam Barker scores
Rick Norman to third
Runner from 3rd tries for Home, SAFE, throw by RF to trailing runner, SAFE at third!
Batting: RHB Jason Sweeney 0-0: Ball
1-0: Foul Ball, location: 2F
1-1: Ball
2-1: Ball
3-1: SINGLE (Line Drive, 8RS, EV 102.5 MPH)
Ben Foster scores
Batting: RHB Andy Mason 0-0: Ball
1-0: Ball
2-0: Called Strike
2-1: Ball
3-1: Base on Balls
Jason Sweeney to second
Batting: RHB Sean Boyd 0-0: Ball
1-0: Ball
2-0: Ball
3-0: Called Strike
3-1: Base on Balls
Jason Sweeney to third
Andy Mason to second
Batting: RHB John Ramirez 0-0: Called Strike
0-1: Foul Ball, location: 3F
0-2: DOUBLE (Line Drive, 78D, EV 106.3 MPH)
Jason Sweeney scores
Andy Mason scores
Sean Boyd to third
Runner from 3rd tries for Home, SAFE, throw by CF to trailing runner, OUT at third! 8-3-5
Bottom of the 4th over - 6 runs, 5 hits, 0 errors, 0 left on base; Round Rock 0 - Tacoma 7
TOP OF THE 5TH
Round Rock Express batting - Pitching for Tacoma Rainiers : LHP Jose Rebolloso
Batting: LHB Stephen Barton 0-0: Ground out 4-3 (Groundball, 4, EV 91.3 MPH)
Batting: SHB Joe Larsen 0-0: Ball
1-0: SINGLE (Line Drive, 34D, EV 95.0 MPH)
Batting: SHB Hugo Rodriguez 0-0: Fly out, F8 (Flyball, 8LD, EV 104.4 MPH)
Batting: LHB Chris Temple 0-0: Ball
1-0: DOUBLE (Flyball, 8LXD, EV 99.4 MPH)
Joe Larsen to third
Batting: LHB Jesus Mena 0-0: Ball
1-0: Foul Ball, location: 7LDF
1-1: Swinging Strike
1-2: Ball
2-2: Ground out 3-1 (Groundball, 34, EV 76.9 MPH)
Top of the 5th over - 0 runs, 2 hits, 0 errors, 2 left on base; Round Rock 0 - Tacoma 7
BOTTOM OF THE 5TH
Tacoma Rainiers batting - Pitching for Round Rock Express : LHP Ben Daly
Pitching: RHP Pablo Salazar
Batting: LHB Keith Bundy 0-0: Called Strike
0-1: Fly out, F8 (Line Drive, 8RM, EV 95.0 MPH)
Batting: RHB Dan Shell 0-0: Ball
1-0: Ball
2-0: Swinging Strike
2-1: Ball
3-1: Base on Balls
Batting: RHB Adam Barker 0-0: Called Strike
0-1: Swinging Strike
0-2: Ball
1-2: Strikes out swinging
Batting: RHB Rick Norman 0-0: Ball
1-0: Foul Ball, location: 3FF
1-1: Called Strike
1-2: Strikes out swinging
Bottom of the 5th over - 0 runs, 0 hits, 0 errors, 1 left on base; Round Rock 0 - Tacoma 7
TOP OF THE 6TH
Round Rock Express batting - Pitching for Tacoma Rainiers : LHP Jose Rebolloso
Batting: LHB Jonathan Staib 0-0: Ball
1-0: Ball
2-0: Ball
3-0: Foul Ball, location: 2F
3-1: Called Strike
3-2: Base on Balls
Batting: RHB Mike Bogart 0-0: Ball
1-0: Foul Ball, location: 3DF
1-1: Swinging Strike
1-2: Foul Ball, location: 3SF
1-2: Foul Ball, location: 5F
1-2: Strikes out swinging
Batting: LHB Josh Anderson 0-0: SINGLE (Flyball, 9LS, EV 88.8 MPH)
Jonathan Staib to second
Batting: LHB Adam Eakin 0-0: Ball
1-0: Foul Ball, location: 3F
1-1: Ball
2-1: Fly out, F8 (Flyball, 8LD, EV 97.5 MPH)
Batting: LHB Stephen Barton 0-0: Called Strike
0-1: Ball
1-1: Ball
2-1: Swinging Strike
2-2: Foul Ball, location: 7LMF
2-2: SINGLE (Flyball, 78S, EV 89.4 MPH)
Jonathan Staib to third
Josh Anderson to second
Batting: SHB Joe Larsen 0-0: SINGLE (Line Drive, 9S, EV 108.8 MPH)
Jonathan Staib scores
Josh Anderson to third
Stephen Barton to second
Batting: SHB Hugo Rodriguez 0-0: Called Strike
0-1: Called Strike
0-2: Foul Ball, location: 2F
0-2: Ball
1-2: Foul Ball, location: 3FF
1-2: Ball
2-2: Ground out 1-3 (Groundball, 13S, EV 72.5 MPH)
Top of the 6th over - 1 run, 3 hits, 0 errors, 3 left on base; Round Rock 1 - Tacoma 7
BOTTOM OF THE 6TH
Tacoma Rainiers batting - Pitching for Round Rock Express : RHP Pablo Salazar
Batting: LHB Ben Foster 0-0: Ball
1-0: SINGLE (Line Drive, 9LM, EV 100.0 MPH)
Batting: RHB Jason Sweeney 0-0: Ball
1-0: Called Strike
1-1: Called Strike
1-2: Foul Ball, location: 9LMF
1-2: Strikes out looking
Batting: RHB Andy Mason 0-0: Ball
Ben Foster steals 2nd base
1-0: Ball
2-0: Ball
3-0: Called Strike
3-1: Foul Ball, location: 5F
3-2: Strikes out swinging
Batting: RHB Sean Boyd 0-0: Called Strike
0-1: Ball
1-1: Foul Ball, location: 23FF
1-2: Strikes out looking
Bottom of the 6th over - 0 runs, 1 hit, 0 errors, 1 left on base; Round Rock 1 - Tacoma 7
TOP OF THE 7TH
Round Rock Express batting - Pitching for Tacoma Rainiers : LHP Jose Rebolloso
Batting: LHB Chris Temple 0-0: Ball
1-0: Called Strike
1-1: Fly out, F9 (Flyball, 9, EV 79.4 MPH)
Batting: LHB Jesus Mena 0-0: Ball
1-0: SINGLE (Groundball, 4, EV 91.9 MPH)
Batting: LHB Jonathan Staib 0-0: Ball
1-0: Called Strike
1-1: Called Strike
1-2: Strikes out swinging
Batting: RHB Mike Bogart 0-0: Ball
Jesus Mena steals 2nd base
1-0: Called Strike
1-1: Ball
2-1: Swinging Strike
2-2: Foul Ball, location: 7LSF
2-2: Ball
3-2: Strikes out swinging
Top of the 7th over - 0 runs, 1 hit, 0 errors, 1 left on base; Round Rock 1 - Tacoma 7
BOTTOM OF THE 7TH
Tacoma Rainiers batting - Pitching for Round Rock Express : RHP Pablo Salazar
Batting: RHB John Ramirez 0-0: Called Strike
0-1: Ball
1-1: Hit by Pitch
Batting: LHB Keith Bundy 0-0: Ball
1-0: Ball
2-0: Called Strike
2-1: Foul Ball, location: 2F
2-2: Fly out, F9 (Flyball, 89D, EV 103.8 MPH)
Batting: RHB Dan Shell 0-0: Ball
1-0: DOUBLE (Line Drive, 7LS, EV 95.0 MPH)
John Ramirez to third
Runner from 3rd tries for Home, SAFE, throw by LF to trailing runner, SAFE at third!
Pinch Hitting: SHB Elijah Bonner 0-0: Ball
1-0: Foul Ball, location: 25F
1-1: Swinging Strike
1-2: Foul Ball, location: 23FF
1-2: Fly out, F9 (Flyball, 89D, EV 91.9 MPH)
Runner from 3rd tags up, SCORES, throw by RF
Batting: RHB Rick Norman 0-0: Called Strike
0-1: Ball
1-1: Swinging Strike
1-2: Strikes out swinging
Bottom of the 7th over - 2 runs, 1 hit, 0 errors, 0 left on base; Round Rock 1 - Tacoma 9
TOP OF THE 8TH
Round Rock Express batting - Pitching for Tacoma Rainiers : LHP Jose Rebolloso
Pitching: RHP Alejandro Aparicio
Now at 1B: Justin Coppola
Pinch Hitting: RHB Jose Rivera 0-0: Foul Ball, location: 2F
0-1: SINGLE (Line Drive, 7S, EV 93.1 MPH)
Batting: LHB Adam Eakin 0-0: Swinging Strike
0-1: Foul Ball, location: 2F
0-2: DOUBLE (Flyball, 8LXD, EV 108.8 MPH)
Jose Rivera to third
Batting: LHB Stephen Barton 0-0: Ground out 5-3 (Groundball, 56S, EV 87.5 MPH)
Jose Rivera scores
Batting: SHB Joe Larsen 0-0: Called Strike
0-1: Ball
1-1: Swinging Strike
1-2: Foul Ball, location: 3F
1-2: Strikes out swinging
Batting: SHB Hugo Rodriguez 0-0: Swinging Strike
0-1: SINGLE (Groundball, 6S, EV 67.5 MPH) (infield hit)
Adam Eakin to third
Batting: LHB Chris Temple 0-0: Ball
1-0: Ball
2-0: Fly out, F5 (Popup, 56S, EV 83.1 MPH)
Top of the 8th over - 1 run, 3 hits, 0 errors, 2 left on base; Round Rock 2 - Tacoma 9
BOTTOM OF THE 8TH
Tacoma Rainiers batting - Pitching for Round Rock Express : RHP Pablo Salazar
Now at 1B: Kevin Phillips
Batting: LHB Ben Foster 0-0: Ball
1-0: Swinging Strike
1-1: Ball
2-1: Foul Ball, location: 5FF
2-2: Strikes out swinging
Pitching: RHP Alex de la Rosa
Pinch Hitting: RHB Nate Taylor 0-0: Called Strike
0-1: Called Strike
0-2: Ball
1-2: Ground out 5-3 (Groundball, 15, EV 76.9 MPH)
Batting: RHB Andy Mason 0-0: Ball
1-0: Ball
2-0: Ball
3-0: Called Strike
3-1: Called Strike
3-2: Foul Ball, location: 5DF
3-2: SINGLE (Groundball, 4MD, EV 106.9 MPH)
Batting: RHB Sean Boyd 0-0: Foul Ball, location: 5F
0-1: Ball
1-1: Ball
2-1: Foul Ball, location: 25F
2-2: Fly out, F9 (Line Drive, 89M, EV 96.9 MPH)
Bottom of the 8th over - 0 runs, 1 hit, 0 errors, 1 left on base; Round Rock 2 - Tacoma 9
TOP OF THE 9TH
Round Rock Express batting - Pitching for Tacoma Rainiers : RHP Alejandro Aparicio
Now at 3B: Nate Taylor
Batting: LHB Jesus Mena 0-0: Ball
1-0: Ball
2-0: Ball
3-0: Base on Balls
Batting: LHB Jonathan Staib 0-0: Fly out, F3 (Line Drive, 34, EV 76.3 MPH)
Pinch Hitting: LHB Marquis Newkirk 0-0: Called Strike
0-1: Called Strike
0-2: Ball
1-2: Foul Ball, location: 3SF
1-2: Strikes out swinging
Batting: RHB Kevin Phillips 0-0: Ball
1-0: Called Strike
1-1: Foul Ball, location: 7LMF
1-2: Ball
2-2: DOUBLE (Flyball, 89D, EV 108.1 MPH)
Jesus Mena to third
Pinch Hitting: RHB Phil Roth 0-0: Ball
1-0: Foul Ball, location: 2F
1-1: Foul Ball, location: 2F
1-2: Strikes out looking
Top of the 9th over - 0 runs, 1 hit, 0 errors, 2 left on base; Round Rock 2 - Tacoma 9
Sunday, May 12th , 2024 - OOTP Baseball 24.11 Build 85